[Event "Titled Tuesday Blitz June 20 Early 2023"]
[White "Girya, Olga"]
[Black "Quesada Perez, Yuniesky"]
[WhiteFideId "4195752"]
[BlackFideId "3504409"]
[WhiteElo "2263"]
[BlackElo "2585"]
[Result "1-0"]
[Round "2"]
[TimeControl "180+2"]
[Date "2023.06.20"]
[WhiteClock "0:00:04"]
[BlackClock "0:00:01"]
[Board "52"]

1. d4 d5 2. Nf3 Nf6 3. c4 c6 4. Qb3 dxc4 5. Qxc4 Bf5 6. g3 e6 7. Bg2 Nbd7 8. O-O Be7 9. Qb3 Qb6 10. Nbd2 O-O 11. Nc4 Qa6 12. Bf4 Nb6 13. Bd6 Bxd6 14. Nxd6 Rad8 15. Nxf5 exf5 16. e3 Nbd5 17. a4 Qb6 18. Qxb6 axb6 19. a5 Ra8 20. axb6 Nxb6 21. Ne5 Nbd5 22. h3 g6 23. g4 f4 24. g5 Nh5 25. e4 Nb4 26. d5 Rfd8 27. Rxa8 Rxa8 28. Rc1 Kf8 29. Bf3 Ng7 30. Rc4 Na6 31. dxc6 bxc6 32. Rxc6 Nb4 33. Rc7 Ne6 34. Rxf7+ Kg8 35. h4 Ra5 36. Rb7 Rxe5 37. Rxb4 Rc5 38. Bg4 Nc7 39. Rb8+ Kf7 40. Rb7 Ke7 41. b4 Rc1+ 42. Kg2 Kd6 43. b5 Rb1 44. b6 Nb5 45. Rxh7 Nd4 46. Rh8 Rxb6 47. h5 gxh5 48. Bxh5 Ke5 49. g6 Kf6 50. Rf8+ Kg7 51. Rf7+ Kg8 52. Rxf4 Ne6 53. Rf6 Kg7 54. Rf7+ Kg8 55. Re7 Nf4+ 56. Kf3 Nxh5 57. Kg4 Nf6+ 58. Kg5 Nxe4+ 59. Rxe4 Kg7 60. f4 Rb1 61. Kf5 Rb5+ 62. Re5 Rb6 63. Re7+ Kf8 64. Rf7+ Kg8 65. Rd7 Rc6 66. Kg5 Rc1 67. f5 Rc2 68. Kf6 Rc1 69. Rd8# 1-0


[Site "https://www.chess.com"]

[Event "Titled Tuesday Blitz June 20 Early 2023"]
[White "Kravtsiv, Martyn"]
[Black "Taboas Rodriguez, Daniel"]
[WhiteFideId "14113147"]
[BlackFideId "2208466"]
[WhiteElo "2695"]
[BlackElo "2365"]
[Result "1-0"]
[Round "2"]
[TimeControl "180+2"]
[Date "2023.06.20"]
[WhiteClock "0:01:50"]
[BlackClock "0:00:13"]
[Board "53"]

1. e4 e5 2. Nf3 Nc6 3. Nc3 Nf6 4. a4 Bb4 5. Bd3 d6 6. O-O Bg4 7. h3 Bh5 8. g4 Bg6 9. Nd5 Nxe4 10. c3 Bc5 11. Qc2 Nf6 12. Nxf6+ Qxf6 13. Kg2 a5 14. Bxg6 hxg6 15. d4 exd4 16. Bg5 Qe6 17. Rfe1 Ne5 18. cxd4 Bb4 19. dxe5 Bxe1 20. Rxe1 O-O 21. exd6 Qxd6 22. Be7 Qd7 23. Bxf8 Rxf8 24. b3 c6 25. Qc3 Ra8 26. Re5 b6 27. Qe3 b5 28. Qc5 Rb8 29. Re7 1-0


[Site "https://www.chess.com"]

[Event "Titled Tuesday Blitz June 20 Early 2023"]
[White "Plotnikov, Pavel"]
[Black "Gadimbayli, Abdulla"]
[WhiteFideId "4170342"]
[BlackFideId "13404938"]
[WhiteElo "2298"]
[BlackElo "2386"]
[Result "0-1"]
[Round "2"]
[TimeControl "180+2"]
[Date "2023.06.20"]
[WhiteClock "0:00:15"]
[BlackClock "0:00:05"]
[Board "54"]

1. e4 e5 2. Nf3 d5 3. exd5 e4 4. Qe2 Nf6 5. Nc3 Be7 6. Ng5 O-O 7. Ngxe4 Re8 8. d3 Nxd5 9. Nxd5 Qxd5 10. Be3 Nc6 11. g4 Nd4 12. Bxd4 Qxd4 13. c3 Qe5 14. Qf3 Bd6 15. Bg2 Bd7 16. O-O-O Bc6 17. Rhe1 Qxh2 18. Kb1 Rad8 19. g5 Qf4 20. Qh3 Bd7 21. Qh5 Bf5 22. Re3 Bg4 23. Qh1 Bxd1 24. Qxd1 Be7 25. Qh5 Qf5 26. Rf3 Qg6 27. Qh4 Bf8 28. Bh3 Rxd3 29. Bf5 Rxf3 30. Bxg6 hxg6 31. Qh1 Rf5 32. Qe1 Rfe5 33. f3 c6 34. Qg3 R5e7 35. Kc2 Re6 36. a4 a6 37. Qc7 R6e7 38. Qd6 Rxe4 39. Qd7 Re2+ 40. Kb3 R2e7 41. Qg4 Re5 42. Qg2 Rf5 43. Qg4 Ree5 44. Qc4 Rc5 45. Qd4 Rxg5 46. Qd7 b5 47. a5 b4 48. cxb4 Rb5 49. Qxc6 Rxb4+ 50. Ka2 Rxa5+ 51. Kb1 Rab5 0-1


[Site "https://www.chess.com"]

[Event "Titled Tuesday Blitz June 20 Early 2023"]
[White "Beerdsen, Thomas"]
[Black "Ince, Taylan Ruzgar"]
[WhiteFideId "1030108"]
[BlackFideId "44513089"]
[WhiteElo "2553"]
[BlackElo "2147"]
[Result "1-0"]
[Round "2"]
[TimeControl "180+2"]
[Date "2023.06.20"]
[WhiteClock "0:00:46"]
[BlackClock "0:00:00"]
[Board "55"]

1. e4 c5 2. Nf3 e6 3. d4 cxd4 4. Bg5 Qa5+ 5. c3 Nc6 6. Bd3 h6 7. Bd2 Qb6 8. cxd4 Nxd4 9. Nc3 Nxf3+ 10. Qxf3 Ne7 11. O-O Nc6 12. Qg3 a6 13. Rfe1 d6 14. Rac1 Qd8 15. Bb1 h5 16. Bg5 h4 17. Qf4 f6 18. e5 dxe5 19. Bg6+ Ke7 20. Rxe5 Nxe5 21. Qxe5 Qd6 22. Qxd6+ Kxd6 23. Ne4+ Ke7 24. Be3 e5 25. Rc7+ Ke6 26. g4 hxg3 27. Bf7+ Kf5 28. Nxg3+ Kg4 29. Rc4+ Kh3 30. Bd5 e4 31. Bxe4 Bg4 32. Bg2+ Kh4 33. h3 f5 34. hxg4 fxg4 35. Bf3 1-0


[Site "https://www.chess.com"]

[Event "Titled Tuesday Blitz June 20 Early 2023"]
[White "Garv Gaur"]
[Black "Simonian, Hrair"]
[WhiteFideId "45030839"]
[BlackFideId "13302337"]
[WhiteElo "2068"]
[BlackElo "2447"]
[Result "1-0"]
[Round "2"]
[TimeControl "180+2"]
[Date "2023.06.20"]
[WhiteClock "0:00:54"]
[BlackClock "0:00:03"]
[Board "56"]

1. e4 c5 2. Nc3 e6 3. Nge2 a6 4. a4 b6 5. g3 Bb7 6. Bg2 Nf6 7. d4 cxd4 8. Nxd4 Qc7 9. O-O Nc6 10. Bf4 e5 11. Nxc6 dxc6 12. Be3 Rd8 13. Qe2 a5 14. Rfd1 Rxd1+ 15. Rxd1 Bb4 16. Bg5 Qe7 17. Bh3 h6 18. Rd7 hxg5 19. Rxe7+ Kxe7 20. Bg2 Rd8 21. Nd1 Rd2 22. Qf1 Rxc2 23. Ne3 Rxb2 24. Nf5+ Kf8 25. Qc1 Rd2 26. Qc4 Bc5 27. Ne3 Rd4 28. Qb3 Ba6 29. Nf5 Rd2 30. Ne3 Rd3 31. Qb2 Bd4 32. Qc2 Rc3 33. Qd2 Ra3 34. h4 Ra1+ 35. Kh2 Bxe3 36. fxe3 g4 37. Qd8+ Ne8 38. Qa8 Be2 39. Qxc6 Ra2 40. Kg1 Bf3 41. Bxf3 gxf3 42. Qxb6 Rg2+ 43. Kf1 Rxg3 44. Qc5+ Kg8 45. Qxe5 Rg2 46. Qxe8+ Kh7 47. Qxf7 Rb2 48. Qh5+ Kg8 49. Qxf3 1-0


[Site "https://www.chess.com"]

[Event "Titled Tuesday Blitz June 20 Early 2023"]
[White "Hammer, Jon Ludvig"]
[Black "Shevtchenko, Olesya"]
[WhiteFideId "1503707"]
[BlackFideId "24131890"]
[WhiteElo "2592"]
[BlackElo "2003"]
[Result "0-1"]
[Round "2"]
[TimeControl "180+2"]
[Date "2023.06.20"]
[WhiteClock "0:00:00"]
[BlackClock "0:00:07"]
[Board "57"]

1. e4 c5 2. Nf3 d6 3. Bc4 Nc6 4. a4 Nf6 5. d3 e6 6. O-O d5 7. exd5 exd5 8. Bb5 Be7 9. Ne5 Bd7 10. Nxd7 Qxd7 11. a5 a6 12. Ba4 O-O 13. c3 Qc7 14. Bxc6 Qxc6 15. Nd2 Bd6 16. Nf3 h6 17. Bd2 Rfe8 18. Qc2 Qd7 19. d4 c4 20. Rfe1 Ne4 21. Ne5 Bxe5 22. dxe5 Nc5 23. Re3 Nd3 24. Rg3 Kh8 25. f4 Qf5 26. Be3 f6 27. exf6 gxf6 28. Bd4 Kh7 29. Rf1 Re6 30. Qa4 Re7 31. b3 Rc8 32. bxc4 dxc4 33. Qd1 Rce8 34. Qf3 Re4 35. h3 R8e7 36. Rg4 h5 37. Rh4 Kg6 38. g4 hxg4 39. Rxg4+ Kf7 40. Qg3 Ke6 41. Rg6 Rf7 42. Kh2 Re2+ 43. Kg1 Kd5 44. Qf3+ Qe4 45. f5 Qxf3 46. Rxf3 Ke4 47. Rgg3 Nf4 0-1


[Site "https://www.chess.com"]

[Event "Titled Tuesday Blitz June 20 Early 2023"]
[White "Mamedov, Edgar"]
[Black "Mikhailovsky, Vladimir"]
[WhiteFideId "13739980"]
[BlackFideId "34105414"]
[WhiteElo "2317"]
[BlackElo "2244"]
[Result "0-1"]
[Round "2"]
[TimeControl "180+2"]
[Date "2023.06.20"]
[WhiteClock "0:00:48"]
[BlackClock "0:02:47"]
[Board "58"]

1. d4 d5 2. c4 c6 3. Nc3 Nf6 4. cxd5 cxd5 5. Bg5 Nc6 6. e3 Ne4 7. Nxe4 dxe4 8. Bf4 e5 9. dxe5 Qa5+ 10. Ke2 Qb5+ 11. Kd2 Qxb2+ 12. Qc2 Bb4+ 13. Kd1 Qxa1+ 14. Qc1 Qxc1+ 15. Kxc1 Be6 0-1


[Site "https://www.chess.com"]

[Event "Titled Tuesday Blitz June 20 Early 2023"]
[White "Shubenkova, Veronika"]
[Black "Goltsev, Dmitry"]
[WhiteFideId "44124040"]
[BlackFideId "24176710"]
[WhiteElo "2060"]
[BlackElo "2356"]
[Result "0-1"]
[Round "2"]
[TimeControl "180+2"]
[Date "2023.06.20"]
[WhiteClock "0:01:28"]
[BlackClock "0:01:49"]
[Board "59"]

1. e4 e6 2. d4 d5 3. exd5 exd5 4. Nf3 Nf6 5. c3 c5 6. Bd3 Bd6 7. O-O O-O 8. Bg5 Nc6 9. Nbd2 Bg4 10. dxc5 Bxc5 11. Nb3 Bb6 12. h3 Bh5 13. g4 Bg6 14. Bxg6 fxg6 15. Nbd4 Qd6 16. Bxf6 Rxf6 17. Qd3 Raf8 18. Rae1 Bc7 19. Nxc6 bxc6 20. Ne5 Bb6 21. Qg3 Rf3 22. Qg2 Rxf2 23. Rxf2 Bxf2+ 24. Qxf2 Rxf2 25. Kxf2 h5 26. g5 h4 27. Kf3 Qe6 28. Kg2 Qf5 29. Nf3 Qc2+ 30. Kg1 Qxb2 31. Nxh4 Qxc3 0-1


[Site "https://www.chess.com"]

[Event "Titled Tuesday Blitz June 20 Early 2023"]
[White "Sethuraman, S.P."]
[Black "Roebers, Eline"]
[WhiteFideId "5021596"]
[BlackFideId "1058401"]
[WhiteElo "2543"]
[BlackElo "2544"]
[Result "0-1"]
[Round "2"]
[TimeControl "180+2"]
[Date "2023.06.20"]
[WhiteClock "0:00:05"]
[BlackClock "0:00:08"]
[Board "60"]

1. d4 f5 2. Nf3 Nf6 3. g3 g6 4. Bg2 Bg7 5. O-O O-O 6. c4 d6 7. Nc3 Qe8 8. Re1 Qf7 9. b3 Ne4 10. Bb2 Nc6 11. Qd3 Nxc3 12. Bxc3 e5 13. dxe5 dxe5 14. Qd5 e4 15. Bxg7 Kxg7 16. Ng5 Qxd5 17. cxd5 Nb4 18. Red1 Rd8 19. f3 h6 20. Nh3 Rxd5 21. a3 Rxd1+ 22. Rxd1 Nc6 23. Nf4 exf3 24. Bxf3 Ne5 25. Nd5 c6 26. Nc7 Rb8 27. Rd8 Kf6 28. Re8 Nf7 29. Kf2 Nd6 30. Rh8 h5 31. Ne8+ Nxe8 32. Rxe8 Kf7 33. Rh8 a5 34. h4 Kg7 35. Rd8 Kf6 36. Ke3 Ke7 37. Rg8 Kf7 38. Rh8 c5 39. Bd5+ Kf6 40. Kf4 b5 41. Rf8+ Ke7 42. Rg8 Kf6 43. Rf8+ Ke7 44. Rh8 Kf6 45. e3 b4 46. a4 Kg7 47. Ke5 Kxh8 48. Kf6 Bb7 49. Bf7 Be4 50. Bxg6 Rb6+ 51. Kg5 Rxg6+ 52. Kxg6 f4+ 0-1


[Site "https://www.chess.com"]

[Event "Titled Tuesday Blitz June 20 Early 2023"]
[White "Aarav Dengla"]
[Black "Maksimovic, Bojan"]
[WhiteFideId "45059756"]
[BlackFideId "14408120"]
[WhiteElo "2288"]
[BlackElo "2457"]
[Result "0-1"]
[Round "2"]
[TimeControl "180+2"]
[Date "2023.06.20"]
[WhiteClock "0:00:00"]
[BlackClock "0:00:31"]
[Board "61"]

1. e4 c5 2. Nf3 e6 3. g3 d5 4. exd5 exd5 5. Bg2 Nf6 6. d4 Nc6 7. O-O cxd4 8. Nxd4 Be7 9. c4 O-O 10. cxd5 Nxd5 11. Nxc6 bxc6 12. Nc3 Be6 13. Nxd5 Bxd5 14. Be3 Qa5 15. a3 Rfd8 16. Qc2 Bf6 17. Rad1 h5 18. h4 Rab8 19. Bc1 Qb5 20. b4 a5 21. Bf4 axb4 22. Bxb8 b3 23. Qd3 Qxb8 24. Bxd5 Rxd5 25. Qb1 Bd4 26. Rd3 b2 27. Rfd1 c5 28. R1d2 Qd6 29. Kg2 c4 30. Rxd4 Rxd4 31. Rxb2 Qd5+ 32. f3 Rd2+ 33. Rxd2 Qxd2+ 34. Kh3 c3 35. Qf5 g6 36. Qe5 c2 37. Qe8+ Kg7 38. Qe5+ Kh7 39. Qc7 Kg8 40. Qb8+ Kg7 41. Qe5+ Kf8 0-1


[Site "https://www.chess.com"]

[Event "Titled Tuesday Blitz June 20 Early 2023"]
[White "Lagarde, Maxime"]
[Black "Gavrilov, Maxim"]
[WhiteFideId "662399"]
[BlackFideId "24271454"]
[WhiteElo "2571"]
[BlackElo "1969"]
[Result "1-0"]
[Round "2"]
[TimeControl "180+2"]
[Date "2023.06.20"]
[WhiteClock "0:01:32"]
[BlackClock "0:00:21"]
[Board "62"]

1. d4 Nf6 2. Nf3 d5 3. g3 e6 4. Bg2 c6 5. O-O Nbd7 6. b3 b6 7. Bb2 Bb7 8. Nbd2 Be7 9. Re1 O-O 10. c4 Rc8 11. e4 dxe4 12. Nxe4 Qc7 13. Nc3 Rfd8 14. Rc1 Bf8 15. Qe2 c5 16. dxc5 Bxc5 17. Nb5 Qb8 18. Ng5 Bxg2 19. Kxg2 a6 20. Nd4 Qb7+ 21. Ndf3 h6 22. Nh3 e5 23. Bxe5 Nxe5 24. Qxe5 Rd3 25. Qe2 Rcd8 26. Rcd1 Rxd1 27. Rxd1 Re8 28. Qc2 g5 29. Qf5 Kg7 30. Nxg5 Re2 31. Nh3 Rxa2 32. Rf1 a5 33. Nf4 Rb2 34. Nd5 Nxd5 35. cxd5 Rxb3 36. Re1 Rb2 37. Qe5+ 1-0


[Site "https://www.chess.com"]

[Event "Titled Tuesday Blitz June 20 Early 2023"]
[White "Avinash Ramesh"]
[Black "brm72"]
[WhiteFideId "45018340"]
[WhiteElo "2300"]
[BlackElo "2536"]
[Result "1/2-1/2"]
[Round "2"]
[TimeControl "180+2"]
[Date "2023.06.20"]
[WhiteClock "0:01:35"]
[BlackClock "0:00:22"]
[Board "63"]

1. d4 Nf6 2. c4 g6 3. Nf3 Bg7 4. g3 O-O 5. Bg2 c6 6. O-O d5 7. cxd5 cxd5 8. Ne5 Ng4 9. Bf4 Nc6 10. Nxc6 bxc6 11. Nc3 e5 12. dxe5 Nxe5 13. Rc1 Re8 14. b3 Bd7 15. Qd2 Rc8 16. Rfd1 Be6 17. Na4 Nd7 18. Nc5 Nxc5 19. Rxc5 Qb6 20. Rdc1 Bf8 21. R5c3 Bb4 22. Be5 Bf5 23. Qf4 Rxe5 24. Qxe5 Bxc3 25. Qxc3 Be6 26. Qc5 Qxc5 27. Rxc5 Kf8 28. e4 dxe4 29. Bxe4 Bd7 30. b4 Ke7 31. a3 Kd6 32. f4 Re8 33. Rc4 f5 34. Bf3 Re3 35. Kg2 Rxa3 36. Rd4+ Kc7 37. Rc4 Kd6 38. Rd4+ Kc7 39. Rc4 Kb6 40. Rd4 Kc7 1/2-1/2


[Site "https://www.chess.com"]

[Event "Titled Tuesday Blitz June 20 Early 2023"]
[White "chess123456s"]
[Black "Zemlyanskii, Ivan"]
[BlackFideId "24249971"]
[WhiteElo "2536"]
[BlackElo "2421"]
[Result "0-1"]
[Round "2"]
[TimeControl "180+2"]
[Date "2023.06.20"]
[WhiteClock "0:00:21"]
[BlackClock "0:00:11"]
[Board "64"]

1. e4 c5 2. Nf3 e6 3. d4 cxd4 4. Nxd4 Nf6 5. Nc3 Nc6 6. Ndb5 Bc5 7. Bf4 O-O 8. Bc7 Qe7 9. Bd6 Bxd6 10. Qxd6 Qd8 11. O-O-O a6 12. Nd4 Ne7 13. Qg3 b5 14. e5 Ne8 15. Ne4 Bb7 16. Bd3 Bxe4 17. Bxe4 Rc8 18. f4 g6 19. h4 h5 20. Qf3 d5 21. Bd3 Qb6 22. Ne2 Ng7 23. g4 hxg4 24. Qxg4 Nef5 25. Rdg1 Qf2 26. Kb1 Ne3 27. Qg5 Rxc2 28. h5 Rxe2 29. Bxe2 Qxe2 30. hxg6 Qd3+ 31. Ka1 Nc2+ 32. Kb1 Na3+ 33. Ka1 Qb1+ 0-1


[Site "https://www.chess.com"]

[Event "Titled Tuesday Blitz June 20 Early 2023"]
[White "FoxOnTheRun97"]
[Black "Lorparizangeneh, Shahin"]
[BlackFideId "12521604"]
[WhiteElo "2535"]
[BlackElo "2526"]
[Result "0-1"]
[Round "2"]
[TimeControl "180+2"]
[Date "2023.06.20"]
[WhiteClock "0:00:48"]
[BlackClock "0:01:58"]
[Board "65"]

1. d4 d5 2. c4 c6 3. Nf3 Nf6 4. e3 Bf5 5. Qb3 Qb6 6. Nc3 e6 7. Bd2 h6 8. O-O-O Nbd7 9. Ne1 Ng4 10. e4 dxe4 11. Be3 Nxe3 12. fxe3 Nf6 13. h3 h5 14. g3 Qc7 15. Rg1 Bd6 16. Ne2 O-O-O 17. c5 Be7 18. Ng2 Bxh3 19. Nc3 0-1


[Site "https://www.chess.com"]

[Event "Titled Tuesday Blitz June 20 Early 2023"]
[White "Lobanov, Sergei"]
[Black "Karamsetty, Jeevan"]
[WhiteFideId "24183750"]
[BlackFideId "2025337"]
[WhiteElo "2501"]
[BlackElo "2131"]
[Result "1-0"]
[Round "2"]
[TimeControl "180+2"]
[Date "2023.06.20"]
[WhiteClock "0:01:28"]
[BlackClock "0:00:22"]
[Board "66"]

1. d4 g6 2. e4 d6 3. Nc3 Bg7 4. f4 a6 5. Nf3 Nd7 6. Bd3 c5 7. Be3 cxd4 8. Bxd4 e5 9. fxe5 dxe5 10. Be3 Ne7 11. h4 O-O 12. h5 f5 13. Bc4+ Kh8 14. hxg6 Nxg6 15. Rxh7+ Kxh7 16. Ng5+ Qxg5 17. Bxg5 Nf6 18. Nd5 Ng4 19. Qe2 b5 20. Bb3 f4 21. O-O-O Bh6 22. Rh1 Kg7 23. Bxh6+ Nxh6 24. Qh5 Rh8 25. Qg5 1-0


[Site "https://www.chess.com"]

[Event "Titled Tuesday Blitz June 20 Early 2023"]
[White "whiteglovethief"]
[Black "Weetik, Vjacheslav"]
[BlackFideId "4153472"]
[WhiteElo "2532"]
[BlackElo "2469"]
[Result "1/2-1/2"]
[Round "2"]
[TimeControl "180+2"]
[Date "2023.06.20"]
[WhiteClock "0:00:21"]
[BlackClock "0:00:09"]
[Board "67"]

1. d4 Nf6 2. c4 e6 3. Nf3 Bb4+ 4. Bd2 Qe7 5. g3 Nc6 6. a3 Bxd2+ 7. Qxd2 e5 8. Nc3 d6 9. Nd5 Nxd5 10. cxd5 Nxd4 11. Nxd4 exd4 12. Qxd4 O-O 13. Bg2 Bf5 14. e3 Bd7 15. O-O c5 16. dxc6 Bxc6 17. Rfd1 Rfd8 18. b4 a5 19. Rac1 axb4 20. axb4 Ra6 21. b5 Bxb5 22. Rb1 Bc6 23. Bxc6 Rxc6 24. Rb5 h6 25. h4 Rd7 26. Rdb1 Rcc7 27. Ra5 Qe6 28. Ra8+ Kh7 29. Kg2 d5 30. Rb4 Rc4 31. Qd3+ Qe4+ 32. Qxe4+ Rxe4 33. Rxe4 dxe4 34. Re8 f5 35. h5 b5 36. Rb8 Rd5 37. Kh3 f4 38. exf4 Rxh5+ 39. Kg4 Rc5 40. f5 Rc2 41. Rxb5 Rxf2 42. Re5 e3 43. Rxe3 Ra2 44. Re7 Ra4+ 45. Kh3 Kg8 46. g4 Ra3+ 47. Kh4 Ra6 48. Rb7 Kh7 49. Rc7 Kg8 50. Rb7 Kh7 51. Rc7 Kg8 52. Rb7 1/2-1/2


[Site "https://www.chess.com"]

[Event "Titled Tuesday Blitz June 20 Early 2023"]
[White "Yaniuk, Volodymyr"]
[Black "Raja Rithvik R"]
[WhiteFideId "14133083"]
[BlackFideId "35007394"]
[WhiteElo "2141"]
[BlackElo "2395"]
[Result "0-1"]
[Round "2"]
[TimeControl "180+2"]
[Date "2023.06.20"]
[WhiteClock "0:00:00"]
[BlackClock "0:00:04"]
[Board "68"]

1. d4 Nf6 2. c4 e6 3. g3 d5 4. Bg2 dxc4 5. Nf3 Bb4+ 6. Bd2 c5 7. dxc5 Bxc5 8. O-O O-O 9. Qc2 Nbd7 10. Qxc4 b5 11. Qc2 Bb7 12. Nc3 Rc8 13. a3 Qb6 14. b4 Bd4 15. Rac1 Bxf3 16. Bxf3 Ne5 17. Qb3 Nxf3+ 18. exf3 Rc4 19. Na4 Qc6 20. Nc5 Bxc5 21. bxc5 Rd8 22. Bb4 Rxc1 23. Rxc1 h5 24. Rd1 Nd5 25. Rc1 h4 26. Qd3 h3 27. Qf1 Nxb4 28. axb4 Rd4 29. Qxh3 Rxb4 30. Qf1 Rd4 31. Qe2 b4 32. Qe5 Rd8 33. Qf4 a5 34. Qc4 Rb8 35. Rb1 Rb5 36. Rd1 Rb8 37. Qf4 Rc8 38. Qc4 g6 39. Rc1 Rb8 40. Qf4 Rb7 41. Qd4 b3 42. Rd1 b2 43. Qd8+ Kg7 44. Qd3 e5 45. Kg2 a4 46. Rb1 Rb3 47. Qc4 Qxf3+ 0-1


[Site "https://www.chess.com"]

[Event "Titled Tuesday Blitz June 20 Early 2023"]
[White "Bethke, Richard"]
[Black "Pakleza, Zbigniew"]
[WhiteFideId "12959243"]
[BlackFideId "1119290"]
[WhiteElo "2369"]
[BlackElo "2410"]
[Result "0-1"]
[Round "2"]
[TimeControl "180+2"]
[Date "2023.06.20"]
[WhiteClock "0:01:18"]
[BlackClock "0:00:26"]
[Board "69"]

1. e4 d6 2. d4 Nf6 3. Nc3 c6 4. Nf3 Bg4 5. h3 Bh5 6. Bc4 e6 7. d5 cxd5 8. exd5 e5 9. Bg5 Be7 10. Qd2 Bxf3 11. gxf3 Nbd7 12. O-O-O Rc8 13. Bd3 a6 14. Rhg1 g6 15. f4 O-O 16. h4 Nh5 17. f5 Bxg5 18. Rxg5 Nf4 19. Ne4 Nc5 20. Nxc5 Rxc5 21. Be4 Qa5 22. Qxa5 Rxa5 23. fxg6 fxg6 24. a3 Nh3 25. Rg3 Nxf2 26. Re1 Ra4 27. b4 a5 28. c3 Rxa3 29. b5 Ra1+ 0-1


[Site "https://www.chess.com"]

[Event "Titled Tuesday Blitz June 20 Early 2023"]
[White "Leenhouts, Koen"]
[Black "splendidkid"]
[WhiteFideId "1008439"]
[WhiteElo "2409"]
[BlackElo "2757"]
[Result "1-0"]
[Round "2"]
[TimeControl "180+2"]
[Date "2023.06.20"]
[WhiteClock "0:00:46"]
[BlackClock "0:00:03"]
[Board "70"]

1. e4 c5 2. Nf3 d6 3. d4 cxd4 4. Qxd4 a6 5. h3 Nc6 6. Qe3 g6 7. Bc4 Bg7 8. O-O Nf6 9. Rd1 Bd7 10. Nc3 O-O 11. Qe2 Rc8 12. Bg5 Qa5 13. Bb3 Rfd8 14. Nd5 Be6 15. Bd2 Qc5 16. Be3 Qb5 17. c4 Qa5 18. Bb6 Nxd5 19. Bxa5 Nf4 20. Qd2 Bh6 21. Bxd8 Nxh3+ 22. gxh3 Bxd2 23. Bxe7 Nxe7 24. Rxd2 Bxh3 25. Rxd6 Bg4 26. Ne5 Be6 27. Rad1 Kg7 28. f4 Rc5 29. Rxe6 fxe6 30. Rd7 Kf8 31. Rxb7 Rc8 32. c5 Ke8 33. Bxe6 Rd8 1-0


[Site "https://www.chess.com"]

[Event "Titled Tuesday Blitz June 20 Early 2023"]
[White "Aradhya, Garg"]
[Black "Akhmedinov, Satbek"]
[WhiteFideId "25006746"]
[BlackFideId "13714287"]
[WhiteElo "2263"]
[BlackElo "1998"]
[Result "0-1"]
[Round "2"]
[TimeControl "180+2"]
[Date "2023.06.20"]
[WhiteClock "0:01:42"]
[BlackClock "0:01:23"]
[Board "71"]

1. d4 Nf6 2. c4 g6 3. Nf3 Bg7 4. g3 O-O 5. Bg2 c6 6. O-O d5 7. a4 dxc4 8. Na3 Be6 9. Ng5 Bc8 10. Nxc4 h6 11. Nh3 Nbd7 12. Nf4 Rb8 13. Nd3 Nd5 14. a5 Bxd4 15. Bxh6 Bg7 16. Qc1 f6 17. e4 Nc7 18. e5 b5 19. a6 bxc4 20. Qxc4+ Kh7 21. Bxg7 Kxg7 22. exf6+ exf6 23. Qxc6 Rb6 24. Qc3 Bxa6 25. Rfd1 Nb5 26. Qa5 Rd6 27. Nf4 Rxd1+ 28. Rxd1 Qxa5 29. Rxd7+ Kh6 30. Bf1 Nc7 31. Bxa6 Nxa6 32. h4 Qe1+ 33. Kg2 Nc5 34. Rd4 Ne4 35. Nd3 Qd2 36. Rxe4 Qxd3 37. Re7 Qd5+ 38. Kg1 Rc8 39. Re1 Rc2 40. b4 Qd2 41. Rf1 Rc1 42. Kg2 Rxf1 43. Kxf1 Qxb4 44. Ke2 Qd6 45. Ke3 g5 46. hxg5+ Kxg5 47. f4+ Kg4 0-1


[Site "https://www.chess.com"]

[Event "Titled Tuesday Blitz June 20 Early 2023"]
[White "Yelisieiev, Yevhenii"]
[Black "Hayrapetyan, Hovik"]
[WhiteFideId "14139642"]
[BlackFideId "13302639"]
[WhiteElo "2403"]
[BlackElo "2348"]
[Result "1/2-1/2"]
[Round "2"]
[TimeControl "180+2"]
[Date "2023.06.20"]
[WhiteClock "0:00:07"]
[BlackClock "0:00:01"]
[Board "72"]

1. d4 Nf6 2. Nf3 d5 3. c4 e6 4. Nc3 Bb4 5. Bg5 h6 6. Bxf6 Qxf6 7. Qb3 c5 8. e3 Nc6 9. dxc5 a5 10. Rc1 a4 11. Qc2 a3 12. b3 Bxc3+ 13. Qxc3 Qxc3+ 14. Rxc3 Nb4 15. cxd5 Nxa2 16. Bb5+ Bd7 17. Bxd7+ Kxd7 18. dxe6+ fxe6 19. Rc4 Nb4 20. Rxb4 a2 21. Ke2 a1=Q 22. Rxa1 Rxa1 23. Rxb7+ Kc6 24. Rxg7 Ra2+ 25. Kd3 Kxc5 26. Nd4 e5 27. Nf5 Rxf2 28. Ke4 Rb8 29. Rc7+ Kb6 30. Rh7 Rxg2 31. Rxh6+ Kc5 32. h4 Rxb3 33. Kxe5 Rh2 34. Rh7 Ra3 35. Rc7+ Kb6 36. Rc4 Ra5+ 37. Ke6 Rh3 38. e4 Kb7 39. Rb4+ Kc8 40. Rc4+ Kd8 41. Rc6 Ra4 42. Nd6 Ra8 43. Nf5 Ra4 44. Nd6 Ra8 45. Nf5 Ra4 1/2-1/2


[Site "https://www.chess.com"]

[Event "Titled Tuesday Blitz June 20 Early 2023"]
[White "Cherniaiev, Tykhon"]
[Black "Ismayil, Malak"]
[WhiteFideId "14182360"]
[BlackFideId "13412604"]
[WhiteElo "2450"]
[BlackElo "1868"]
[Result "1-0"]
[Round "2"]
[TimeControl "180+2"]
[Date "2023.06.20"]
[WhiteClock "0:00:08"]
[BlackClock "0:00:00"]
[Board "73"]

1. Nf3 Nf6 2. d4 d5 3. c4 e6 4. Nc3 dxc4 5. e4 Bb4 6. Bg5 h6 7. Bxf6 Qxf6 8. Bxc4 O-O 9. O-O Rd8 10. a3 Bxc3 11. bxc3 c5 12. Qe2 Nc6 13. e5 Qf4 14. g3 Qg4 15. Rad1 Bd7 16. Kg2 h5 17. Bd3 h4 18. h3 Qh5 19. g4 Qh6 20. Be4 Rab8 21. Qe3 Qxe3 22. fxe3 Ne7 23. Ng5 Be8 24. Bh7+ Kh8 25. Bb1 Kg8 26. c4 Rbc8 27. Ba2 Nc6 28. Nf3 Na5 29. Nxh4 cxd4 30. Rxd4 Rxd4 31. exd4 Nxc4 32. Rf3 Nb6 33. Rf2 Bc6+ 34. Kg1 Bd5 35. Bxd5 Nxd5 36. Rf3 Rc1+ 37. Kg2 Rc2+ 38. Kg1 Nc3 39. Ng2 Ne2+ 40. Kh2 Nxd4 41. Rd3 Ne2 42. Rf3 Nc3 43. Kg3 Nd5 44. Nh4 Rc3 45. Ng2 Rc5 46. Rd3 Kf8 47. Ne1 Rc1 48. Nf3 Ke7 49. Rd4 Rc3 50. a4 a5 51. h4 Rb3 52. h5 Rb4 53. g5 Rb3 54. Kg4 Rb1 55. Kg3 Rb2 56. h6 gxh6 57. gxh6 Kf8 58. Rg4 Ne7 59. h7 Nf5+ 60. Kh3 Ke7 61. h8=Q Rb3 62. Qf6+ Ke8 63. Rg8+ Kd7 64. Qxf7+ Ne7 65. Qe8+ Kc7 66. Qxe7+ Kb6 67. Qxe6+ 1-0


[Site "https://www.chess.com"]